[Event "Titled Tuesday Blitz November 15 Late 2022"]
[White "Ibarra Jerez, Jose Carlos"]
[Black "Fedoseev, Vladimir"]
[WhiteFideId "2226332"]
[BlackFideId "24130737"]
[WhiteElo "2638"]
[BlackElo "2726"]
[Result "0-1"]
[Round "09"]
[TimeControl "180+1"]
[Date "2022.11.15"]
[WhiteClock "0:00:01"]
[BlackClock "0:00:04"]

1. e4 c6 2. Nf3 d5 3. d3 Qc7 4. exd5 cxd5 5. c4 Nf6 6. Nc3 dxc4 7. dxc4 a6 8. g3 Bg4 9. h3 Bxf3 10. Qxf3 e6 11. Bg2 Nc6 12. O-O Bd6 13. b3 O-O 14. Bb2 Be5 15. Rad1 Rfd8 16. Rfe1 Qa5 17. a3 Qc7 18. b4 h6 19. c5 Rab8 20. Rxd8+ Rxd8 21. Rd1 Bd4 22. Qe2 e5 23. Qc4 e4 24. Qe2 Qe5 25. Na4 h5 26. Kf1 Qe8 27. Bc1 Ne5 28. Nb2 Bc3 29. Rxd8 Qxd8 30. Bxe4 Qd7 31. Kg2 a5 32. b5 Nxe4 33. Qxe4 Qxb5 34. Nd1 Ba1 35. Be3 Qc6 36. Qxc6 Nxc6 37. f4 Kf8 38. Kf3 f5 39. g4 hxg4+ 40. hxg4 g6 41. gxf5 gxf5 42. Ke2 Kf7 43. Kd3 Ke6 44. Kc4 Ne7 45. Nf2 Nd5 46. Bd2 Bb2 47. Nd3 Bxa3 48. Bxa5 Ne3+ 49. Kb5 Kd5 50. Bd2 Nc4 51. Bc1 Bxc1 52. Nxc1 Na3+ 53. Kb6 Nc4+ 0-1


[Site "https://www.chess.com"]

[Event "Titled Tuesday Blitz November 15 Late 2022"]
[White "Indjic, Aleksandar"]
[Black "Tang, Andrew"]
[WhiteFideId "911925"]
[BlackFideId "2059630"]
[WhiteElo "2592"]
[BlackElo "2581"]
[Result "0-1"]
[Round "09"]
[TimeControl "180+1"]
[Date "2022.11.15"]
[WhiteClock "0:00:02"]
[BlackClock "0:00:03"]

1. d4 d5 2. c4 e6 3. Nf3 Nf6 4. Nc3 Be7 5. Bg5 h6 6. Bxf6 Bxf6 7. e3 O-O 8. Qc2 b6 9. h4 Bb7 10. cxd5 exd5 11. g4 g6 12. g5 hxg5 13. hxg5 Bg7 14. O-O-O Re8 15. Bd3 Nd7 16. Rh4 Qe7 17. Rdh1 Nf8 18. Qd1 Ne6 19. Qg1 Qd6 20. Nb5 Qc6+ 21. Kb1 a6 22. Nc3 Qd6 23. Ne5 Kf8 24. f4 Ke7 25. f5 gxf5 26. g6 Bxe5 27. gxf7 Rf8 28. dxe5 Qxe5 29. Ne2 Rxf7 30. Nf4 Nf8 31. Rh8 Qg7 32. Qc1 c5 33. R8h6 Rf6 34. R6h5 Qf7 35. Qc3 d4 36. exd4 Bxh1 37. dxc5 Nd7 38. Rxh1 bxc5 39. Bc4 Qg7 40. Qe3+ Kd8 41. Rd1 Rb8 42. Be6 Rb7 43. b3 Kc7 44. Nd5+ Kb8 45. Qf4+ Ka7 46. Nxf6 Nxf6 47. Bxf5 Qe7 48. Qf3 Qe5 49. Bc2 c4 50. Qf2+ Kb8 51. Re1 Qd6 52. Rd1 Nd5 53. Qd4 Rd7 54. Qxc4 Qe5 0-1


[Site "https://www.chess.com"]

[Event "Titled Tuesday Blitz November 15 Late 2022"]
[White "Joubert, Dantelle"]
[Black "Adewumi, Tanitoluwa"]
[WhiteFideId "14310813"]
[BlackFideId "30966396"]
[WhiteElo "1507"]
[BlackElo "2525"]
[Result "0-1"]
[Round "09"]
[TimeControl "180+1"]
[Date "2022.11.16"]
[WhiteClock "0:00:09"]
[BlackClock "0:00:03"]

1. d4 Nf6 2. c4 e6 3. Nf3 b6 4. g3 Ba6 5. Qc2 Bb7 6. Bg2 c5 7. O-O Nc6 8. d5 exd5 9. cxd5 Nxd5 10. Qe4+ Nde7 11. Nh4 d5 12. Qe3 Qd7 13. b3 O-O-O 14. Bb2 d4 15. Qd2 Ne5 16. Bxb7+ Qxb7 17. a4 g6 18. Na3 Bg7 19. Nb5 a6 20. Na3 Bf6 21. Ng2 Nd5 22. Nc4 Rhe8 23. Ba3 Nxc4 24. bxc4 Nc3 25. Rfe1 d3 26. exd3 Ne2+ 27. Kf1 Bxa1 28. Rxa1 Qf3 29. a5 Rxd3 30. Qg5 Nxg3+ 31. hxg3 Rd1+ 32. Ne1 Rexe1# 0-1


[Site "https://www.chess.com"]

[Event "Titled Tuesday Blitz November 15 Late 2022"]
[White "Kleiman, Jake"]
[Black "Sarkar, Justin"]
[WhiteFideId "2020041"]
[BlackFideId "2010011"]
[WhiteElo "2578"]
[BlackElo "2239"]
[Result "1/2-1/2"]
[Round "09"]
[TimeControl "180+1"]
[Date "2022.11.16"]
[WhiteClock "0:00:05"]
[BlackClock "0:00:04"]

1. e4 c5 2. Nf3 e6 3. c3 d5 4. exd5 Qxd5 5. d4 Nf6 6. Na3 Nc6 7. Be3 cxd4 8. Nb5 Qd8 9. Nbxd4 Bd7 10. Bd3 Be7 11. O-O O-O 12. Qe2 a6 13. Rad1 Qc7 14. Rfe1 Rad8 15. h3 Nd5 16. Bc1 Nf4 17. Bxf4 Qxf4 18. g3 Qh6 19. h4 Nxd4 20. Nxd4 Bc5 21. Be4 Bc8 22. Nf3 Qf6 23. Ng5 g6 24. Nxh7 Qxf2+ 25. Qxf2 Bxf2+ 26. Kxf2 Kxh7 27. Ke3 Kg7 28. c4 f5 29. Bg2 Kf6 30. b4 e5 31. Bd5 g5 32. hxg5+ Kxg5 33. Rh1 Rh8 34. Rdg1 Kf6 35. a3 b6 36. Rf1 Be6 37. Bxe6 Kxe6 38. Rc1 Rc8 39. Rxh8 Rxh8 40. c5 bxc5 41. Rxc5 Rd8 42. Ra5 Rd6 43. Rc5 Rd5 44. Rc8 a5 45. Rc6+ Kd7 46. Rb6 axb4 47. axb4 Rd4 48. Rb5 Kd6 49. Rb8 Rg4 50. Kf3 e4+ 51. Kf2 f4 52. gxf4 Rxf4+ 53. Ke3 Rf1 54. Kd4 Rd1+ 55. Kxe4 Kc6 56. Ke3 Rb1 57. Kd4 Kc7 58. Rb5 Kc6 59. Rc5+ Kb6 60. Rc4 Kb5 61. Rc8 Rxb4+ 62. Kd5 Rh4 63. Rb8+ Ka4 64. Kc5 Rh5+ 65. Kc4 Rh4+ 66. Kc3 Rh3+ 67. Kc4 1/2-1/2


[Site "https://www.chess.com"]

[Event "Titled Tuesday Blitz November 15 Late 2022"]
[White "Klenburg, Michael"]
[Black "Harshavardhan G B"]
[WhiteFideId "14102072"]
[BlackFideId "25059009"]
[WhiteElo "2405"]
[BlackElo "2333"]
[Result "0-1"]
[Round "09"]
[TimeControl "180+1"]
[Date "2022.11.16"]
[WhiteClock "0:00:06"]
[BlackClock "0:00:46"]

1. e4 e5 2. Nf3 Nc6 3. Bb5 a6 4. Ba4 d6 5. c3 f5 6. exf5 Bxf5 7. O-O Bd3 8. Re1 Be7 9. Bc2 Bxc2 10. Qxc2 Nf6 11. d4 e4 12. Ng5 d5 13. Nd2 h6 14. Nh3 Qd7 15. Nf1 O-O 16. Nf4 Bd6 17. Nh3 Rf7 18. Be3 Raf8 19. Qb3 b5 20. a4 b4 21. a5 bxc3 22. bxc3 Ne7 23. c4 c6 24. c5 Bc7 25. Qd1 Ng4 26. Qe2 Qc8 27. Ra2 Ng6 28. Rb1 Nh4 29. Rb6 Nf3+ 30. gxf3 Nxe3 31. Qxe3 Rxf3 32. Qc1 Qxh3 33. Rxc6 e3 34. Rxc7 Rxf2 35. Nxe3 Qxh2# 0-1


[Site "https://www.chess.com"]

[Event "Titled Tuesday Blitz November 15 Late 2022"]
[White "Kobo, Ori"]
[Black "Santos Flores, Alberto"]
[WhiteFideId "2812320"]
[BlackFideId "3601234"]
[WhiteElo "2447"]
[BlackElo "2235"]
[Result "0-1"]
[Round "09"]
[TimeControl "180+1"]
[Date "2022.11.16"]
[WhiteClock "0:00:13"]
[BlackClock "0:00:06"]

1. Nf3 d5 2. g3 Nf6 3. Bg2 Bf5 4. O-O c6 5. c4 h6 6. Qb3 Qb6 7. d3 e6 8. Be3 Qxb3 9. axb3 a6 10. Bd4 Nbd7 11. Bc3 Bd6 12. b4 O-O 13. Nbd2 e5 14. Nb3 Rfe8 15. Rfc1 Rab8 16. Na5 Bg6 17. Nh4 Bh7 18. Bh3 g5 19. Nf5 Bf8 20. f3 h5 21. e4 g4 22. Bg2 Bxf5 23. exf5 Bh6 24. Rd1 d4 25. Be1 Be3+ 26. Kf1 Nh7 27. c5 Ng5 28. fxg4 hxg4 29. Nc4 Nf6 30. Ke2 Nd5 31. Bxd5 cxd5 32. Nxe3 dxe3 33. Kxe3 Nf3 34. h4 Kg7 35. Bd2 Kf6 36. Kf2 Kxf5 37. Ra5 Rbc8 38. Rc1 Nxd2 0-1


[Site "https://www.chess.com"]

[Event "Titled Tuesday Blitz November 15 Late 2022"]
[White "Kumala, Aleksander"]
[Black "Jimenez Almeida, Luis David"]
[WhiteFideId "1141880"]
[BlackFideId "22242244"]
[WhiteElo "2269"]
[BlackElo "2158"]
[Result "1-0"]
[Round "09"]
[TimeControl "180+1"]
[Date "2022.11.16"]
[WhiteClock "0:00:27"]
[BlackClock "0:00:15"]

1. d4 Nf6 2. Bg5 e6 3. Nd2 h6 4. Bh4 c5 5. e3 d5 6. c3 Nc6 7. Bd3 Bd6 8. f4 Qb6 9. Rb1 Bd7 10. Ngf3 Rc8 11. Ne5 cxd4 12. exd4 Nxd4 13. Bxf6 gxf6 14. Nxd7 Kxd7 15. cxd4 Qxd4 16. Nf3 Qe3+ 17. Qe2 Rc1+ 18. Rxc1 Qxc1+ 19. Qd1 Bb4+ 20. Ke2 Qxb2+ 21. Qc2 Qxc2+ 22. Bxc2 Bd6 23. g3 b5 24. Rb1 a6 25. Nd4 Rc8 26. Kd3 b4 27. Ba4+ Ke7 28. Nc6+ Kf8 29. Rb3 a5 30. h4 e5 31. Nxa5 Ra8 32. Nb7 Rxa4 33. Nxd6 Rxa2 34. fxe5 fxe5 35. Rxb4 Ra3+ 36. Ke2 Ke7 37. Nf5+ Kf6 38. g4 e4 39. Nxh6 Rh3 40. Rb6+ Ke5 41. Nxf7+ Kf4 42. g5 Rh2+ 43. Kf1 e3 44. g6 e2+ 45. Ke1 Ke3 46. Rb3+ Ke4 47. g7 Rg2 48. Ng5+ 1-0


[Site "https://www.chess.com"]

[Event "Titled Tuesday Blitz November 15 Late 2022"]
[White "Kuzmicz, Krystian"]
[Black "Baskakov, Egor"]
[WhiteFideId "1119125"]
[BlackFideId "24197866"]
[WhiteElo "2380"]
[BlackElo "2211"]
[Result "1-0"]
[Round "09"]
[TimeControl "180+1"]
[Date "2022.11.15"]
[WhiteClock "0:01:05"]
[BlackClock "0:01:27"]

1. e4 c5 2. d3 Nf6 3. g3 g6 4. Bg2 Bg7 5. f4 Nc6 6. Nf3 O-O 7. O-O d6 8. Nc3 e6 9. h3 d5 10. e5 Ne8 11. Ne2 f6 12. exf6 Nxf6 13. c3 b6 14. Be3 Qd6 15. Qd2 Bb7 16. Rae1 Rae8 17. Bf2 e5 18. fxe5 Nxe5 19. Nxe5 Rxe5 20. d4 Re7 21. dxc5 bxc5 22. Nf4 Rfe8 23. Rxe7 Rxe7 24. Re1 Rxe1+ 25. Qxe1 Ne4 26. c4 Nxf2 27. Kxf2 Bxb2 28. Bxd5+ Bxd5 29. Nxd5 Bd4+ 30. Kg2 Qd7 31. Qe4 Qa4 32. Qe6+ Kg7 33. Qe7+ Kh6 34. Qf8+ Bg7 35. Qf4+ g5 36. Qd6+ Kh5 37. g4+ Kh4 38. Qg3# 1-0


[Site "https://www.chess.com"]

[Event "Titled Tuesday Blitz November 15 Late 2022"]
[White "Liu, Kelsey"]
[Black "Marcolino, Daniel Mattos"]
[WhiteFideId "30944481"]
[BlackFideId "2106841"]
[WhiteElo "2288"]
[BlackElo "2097"]
[Result "1-0"]
[Round "09"]
[TimeControl "180+1"]
[Date "2022.11.16"]
[WhiteClock "0:01:04"]
[BlackClock "0:00:35"]

1. e4 c6 2. d4 d5 3. e5 c5 4. dxc5 e6 5. Be3 Nd7 6. Nf3 Bxc5 7. Bxc5 Nxc5 8. Be2 Ne7 9. O-O O-O 10. c4 dxc4 11. Bxc4 b6 12. Nc3 Bb7 13. Qe2 Nf5 14. Rfd1 Qe7 15. Nb5 Rfd8 16. Nfd4 Nxd4 17. Nxd4 Qg5 18. f3 h5 19. b4 Nd7 20. Nxe6 fxe6 21. Bxe6+ Kh8 22. Bxd7 Qe7 23. e6 Bc8 24. Qb5 Bxd7 25. exd7 a6 26. Qxh5+ Kg8 27. Qd5+ Kh8 28. Rd4 1-0


[Site "https://www.chess.com"]

[Event "Titled Tuesday Blitz November 15 Late 2022"]
[White "Madaminov, Mukhiddin"]
[Black "Jobava, Baadur"]
[WhiteFideId "14210703"]
[BlackFideId "13601520"]
[WhiteElo "2341"]
[BlackElo "2582"]
[Result "1-0"]
[Round "09"]
[TimeControl "180+1"]
[Date "2022.11.15"]
[WhiteClock "0:00:20"]
[BlackClock "0:00:04"]

1. Nf3 d5 2. e3 Nf6 3. c4 c6 4. Nc3 g6 5. d4 Bg7 6. Bd3 O-O 7. O-O Nbd7 8. h3 dxc4 9. Bxc4 b5 10. Bb3 Bb7 11. Bd2 a6 12. a4 Qb8 13. Bc2 e5 14. axb5 cxb5 15. Ne2 Bxf3 16. gxf3 Re8 17. Bb3 exd4 18. Nxd4 Nc5 19. Bc3 Nxb3 20. Qxb3 Qb7 21. Kg2 Nd5 22. Rfd1 Rac8 23. Rd3 Nb6 24. Ne2 Nc4 25. Bxg7 Kxg7 26. Rd4 Re5 27. Rad1 Rc7 28. Rf4 h5 29. h4 a5 30. Ng3 a4 31. Qb4 Qc8 32. Rd3 Rcc5 33. Ne4 Rc6 34. Ng5 Rf5 35. Rxf5 Qxf5 36. Rd8 Nxe3+ 37. fxe3 Rc2+ 38. Kf1 Rc1+ 39. Ke2 Rc2+ 40. Rd2 Rc1 41. Qd4+ Kg8 42. Qf4 Qxf4 43. exf4 b4 44. Ke3 a3 45. bxa3 bxa3 46. Rd8+ Kg7 47. Ra8 Rc3+ 48. Kf2 f6 49. Ra7+ Kg8 50. Ne4 Rb3 51. Nxf6+ Kf8 52. Kg3 Rd3 53. Nd7+ Ke8 54. Ne5 Rb3 55. Nxg6 Kd8 56. f5 Kc8 57. f6 Kb8 58. Ra4 1-0


[Site "https://www.chess.com"]

[Event "Titled Tuesday Blitz November 15 Late 2022"]
[White "Maksimovic, Bojan"]
[Black "Jones, Gawain C B"]
[WhiteFideId "14408120"]
[BlackFideId "409561"]
[WhiteElo "2447"]
[BlackElo "2657"]
[Result "0-1"]
[Round "09"]
[TimeControl "180+1"]
[Date "2022.11.15"]
[WhiteClock "0:00:37"]
[BlackClock "0:00:11"]

1. Nf3 c5 2. e3 g6 3. c4 Bg7 4. Nc3 Nf6 5. b3 d5 6. cxd5 Nxd5 7. Bb2 Nc6 8. a3 O-O 9. Be2 b6 10. O-O Bb7 11. Qc2 Nxc3 12. Bxc3 Rc8 13. Bxg7 Kxg7 14. Qb2+ Kg8 15. b4 Qd6 16. bxc5 Qxc5 17. Rfc1 Qd6 18. d4 Na5 19. Ne5 f6 20. Nf3 Qd5 21. Rab1 Kg7 22. h3 Rxc1+ 23. Rxc1 Rc8 24. Rxc8 Bxc8 25. Nd2 Bb7 26. Bf3 Qd7 27. e4 Ba6 28. Bd1 Nc4 29. Nxc4 Bxc4 30. Bc2 b5 31. d5 Qd6 32. Qb4 Kf7 33. g3 Qe5 34. a4 Qa1+ 35. Kg2 Qf1+ 36. Kf3 Qe2+ 37. Kg2 Qxc2 38. axb5 Qxe4+ 39. Kh2 Bxd5 0-1


[Site "https://www.chess.com"]

[Event "Titled Tuesday Blitz November 15 Late 2022"]
[White "Manukyan, Sargis A."]
[Black "Prydun, Andriy"]
[WhiteFideId "13303970"]
[BlackFideId "14145898"]
[WhiteElo "2187"]
[BlackElo "2163"]
[Result "1-0"]
[Round "09"]
[TimeControl "180+1"]
[Date "2022.11.16"]
[WhiteClock "0:00:07"]
[BlackClock "0:00:02"]

1. d4 Nf6 2. h4 b5 3. a4 b4 4. Nf3 Bb7 5. a5 e6 6. Nbd2 c5 7. e3 a6 8. c4 Nc6 9. b3 Nxa5 10. Bb2 Nc6 11. h5 h6 12. Rh3 Be7 13. d5 Nb8 14. e4 exd5 15. exd5 d6 16. Bd3 Bc8 17. Rg3 Nxh5 18. Rxg7 Nxg7 19. Bxg7 Rg8 20. Bxh6 Rxg2 21. Qe2 Bg4 22. O-O-O Nd7 23. Bg5 Ne5 24. Bxe7 Qxe7 25. Qe3 Rxf2 26. Nxe5 Qxe5 27. Qxf2 Qa1+ 28. Bb1 O-O-O 29. Rg1 Qc3+ 30. Bc2 Bd7 31. Kb1 a5 32. Rg3 Qe5 33. Qe3 Qf6 34. Rf3 Qg7 35. Qf4 Be8 36. Qf6 Qf8 37. Bf5+ Kc7 38. Be6 Bd7 39. Bxf7 a4 40. bxa4 Bxa4 41. Be6 Qxf6 42. Rxf6 Kb6 43. Rf7 b3 44. Kb2 Ka5 45. Nxb3+ Bxb3 46. Kxb3 Rb8+ 47. Kc3 Kb6 48. Rd7 Ra8 49. Rxd6+ Ka5 50. Rc6 Rb8 51. d6 Ka4 52. d7 Ka5 53. Kd3 Rb3+ 54. Ke4 Rb8 55. Rc8 1-0


[Site "https://www.chess.com"]

[Event "Titled Tuesday Blitz November 15 Late 2022"]
[White "Melian, Juan Sebastian"]
[Black "Dudzinski, Pawel"]
[WhiteFideId "3706575"]
[BlackFideId "1117890"]
[WhiteElo "2044"]
[BlackElo "2086"]
[Result "1-0"]
[Round "09"]
[TimeControl "180+1"]
[Date "2022.11.16"]
[WhiteClock "0:01:09"]
[BlackClock "0:00:01"]

1. d4 d5 2. c4 e6 3. Nc3 c6 4. Nf3 f5 5. Bf4 Nf6 6. e3 Be7 7. Be2 O-O 8. h3 Bd7 9. O-O Be8 10. Ne5 Nbd7 11. Rb1 Nxe5 12. Bxe5 Nd7 13. Bg3 g5 14. f4 Bd6 15. Qe1 Qb8 16. Kh2 h6 17. Bd3 Nf6 18. Ne2 g4 19. Bh4 h5 20. b4 b5 21. c5 Bc7 22. a4 a6 23. Bg5 Ne4 24. Bxe4 dxe4 25. Qh4 Bd8 26. Ng3 Qc7 27. a5 Qh7 28. Kg1 Bxg5 29. fxg5 Qg6 30. Ne2 Rd8 31. Nf4 Qg7 32. Nxe6 1-0


[Site "https://www.chess.com"]

[Event "Titled Tuesday Blitz November 15 Late 2022"]
[White "Mikaelyan, Arman"]
[Black "Ghazarian, Kirk"]
[WhiteFideId "13304852"]
[BlackFideId "30908604"]
[WhiteElo "2456"]
[BlackElo "2346"]
[Result "0-1"]
[Round "09"]
[TimeControl "180+1"]
[Date "2022.11.15"]
[WhiteClock "0:00:59"]
[BlackClock "0:01:33"]

1. d4 d5 2. Nf3 Nf6 3. Bf4 c5 4. e3 Nc6 5. Nbd2 Nh5 6. dxc5 Nxf4 7. exf4 g6 8. c3 Bh6 9. g3 O-O 10. Bd3 b6 11. cxb6 Qxb6 12. Rb1 Bh3 13. Ng1 Bg2 14. Qg4 Bxh1 15. Ngf3 Bxf3 16. Nxf3 Rae8 17. Qh4 Bg7 18. Kf1 e5 19. f5 Qd8 20. Qa4 e4 21. Qxc6 exd3 22. Rd1 Qe7 23. Kg2 Qe4 24. f6 Bh6 25. b4 Re6 26. Qb5 Rxf6 27. Qxd3 Qxd3 28. Rxd3 Ra6 29. Rxd5 Rxa2 30. Ne5 Bg7 31. Nd7 Rc8 32. c4 Rxc4 33. Nc5 h5 34. Nd3 0-1


[Site "https://www.chess.com"]

[Event "Titled Tuesday Blitz November 15 Late 2022"]
[White "Milchev, Nikolay"]
[Black "Radovanovic, Dusan"]
[WhiteFideId "2906090"]
[BlackFideId "926868"]
[WhiteElo "2449"]
[BlackElo "2341"]
[Result "1-0"]
[Round "09"]
[TimeControl "180+1"]
[Date "2022.11.16"]
[WhiteClock "0:01:51"]
[BlackClock "0:00:17"]

1. Nf3 Nf6 2. c4 g6 3. Nc3 Bg7 4. e4 d6 5. d4 O-O 6. h3 e5 7. dxe5 dxe5 8. Be3 c6 9. c5 Qe7 10. Bc4 Be6 11. Qb3 Bxc4 12. Qxc4 Nbd7 13. O-O Rfe8 14. Rfd1 Nf8 15. Rd6 Nh5 16. Rad1 Nf4 17. b4 N4e6 18. a4 a6 19. b5 axb5 20. axb5 h5 21. bxc6 bxc6 22. Rxc6 g5 23. Nd5 Qb7 24. Rb6 Qa7 25. Nxg5 Nd4 26. c6 Nfe6 27. Rb7 Qa5 28. Nxf7 Qa2 29. Qxa2 Rxa2 30. Nd6 Rf8 31. c7 Rc2 32. c8=Q Rcxc8 33. Nxc8 Rxc8 34. Ne7+ 1-0


[Site "https://www.chess.com"]

[Event "Titled Tuesday Blitz November 15 Late 2022"]
[White "Mirzoev, Azer"]
[Black "Zhigalko, Sergei"]
[WhiteFideId "13400304"]
[BlackFideId "13502956"]
[WhiteElo "2525"]
[BlackElo "2662"]
[Result "1/2-1/2"]
[Round "09"]
[TimeControl "180+1"]
[Date "2022.11.15"]
[WhiteClock "0:00:11"]
[BlackClock "0:00:06"]

1. c4 e5 2. Nc3 Nf6 3. Nf3 Nc6 4. e3 Bb4 5. Nd5 Ba5 6. Qc2 d6 7. a3 Nxd5 8. cxd5 Ne7 9. Qa4+ c6 10. dxc6 bxc6 11. b4 Bc7 12. Bb2 O-O 13. Be2 a5 14. O-O Be6 15. Qc2 axb4 16. axb4 Rb8 17. Bc3 Nd5 18. Rfb1 h6 19. d3 Rb6 20. Bd2 Qb8 21. h3 Rc8 22. d4 Nxb4 23. Rxb4 Rxb4 24. Bxb4 Qxb4 25. Qxc6 Qb2 26. Qa6 e4 27. d5 Bd7 28. Nd4 Bb6 29. Nc6 Re8 30. Ra2 Qb1+ 31. Kh2 Bc5 32. Qc4 Qb7 33. Rc2 Bxc6 34. dxc6 Qxc6 35. Qb5 Qc8 36. g3 Rd8 37. Bc4 Qf5 38. Bb3 Rf8 39. Qc4 h5 40. Qd5 Qg6 41. h4 Re8 42. Ra2 Rf8 43. Kg2 Qf6 44. Qxe4 g6 45. Bd5 Kg7 46. Ra6 Rd8 47. Rc6 Rd7 48. Rc8 Re7 49. Qf3 Qxf3+ 50. Kxf3 Ra7 51. Rb8 Kf6 52. Rb7 Rxb7 53. Bxb7 Kg7 54. Bd5 Kf6 55. Bc4 Bb4 56. Bd5 Bc5 57. Bc4 Bb4 58. Bd5 Bc5 1/2-1/2


[Site "https://www.chess.com"]

[Event "Titled Tuesday Blitz November 15 Late 2022"]
[White "Molenda, Marcin"]
[Black "Tanenbaum, Zachary"]
[WhiteFideId "1173065"]
[BlackFideId "2060850"]
[WhiteElo "2281"]
[BlackElo "2175"]
[Result "0-1"]
[Round "09"]
[TimeControl "180+1"]
[Date "2022.11.16"]
[WhiteClock "0:00:18"]
[BlackClock "0:00:52"]

1. e4 e5 2. Nf3 Nc6 3. d4 exd4 4. Nxd4 Bc5 5. Nb3 Bb6 6. Nc3 Nf6 7. Qe2 O-O 8. Bg5 h6 9. Bh4 Re8 10. O-O-O d6 11. f3 a5 12. Nd5 g5 13. Nxb6 cxb6 14. Bg3 d5 15. h4 Nh5 16. Bf2 Nf4 17. Qb5 Qf6 18. hxg5 hxg5 19. exd5 a4 20. dxc6 axb3 21. Bd4 Qxd4 22. Rxd4 bxa2 23. Ra4 Rxa4 24. Qxa4 a1=Q+ 25. Qxa1 Re1+ 26. Kd2 Rxa1 27. c7 Nd5 28. Rh5 Nxc7 29. Rxg5+ Kf8 30. Bd3 Ne6 31. Rb5 Rg1 32. g4 Bd7 33. Rxb6 Bc6 34. Be2 Nd4 35. Kd3 Nxf3 0-1


[Site "https://www.chess.com"]

[Event "Titled Tuesday Blitz November 15 Late 2022"]
[White "Mr_Penings"]
[Black "Avila Rodriguez, Joshua Ad"]
[BlackFideId "5126444"]
[WhiteElo "2683"]
[BlackElo "2125"]
[Result "1-0"]
[Round "09"]
[TimeControl "180+1"]
[Date "2022.11.16"]
[WhiteClock "0:00:17"]
[BlackClock "0:00:04"]

1. c4 e6 2. Nf3 Nf6 3. Nc3 d5 4. e3 Be7 5. g4 h6 6. Rg1 b6 7. h4 Bb7 8. g5 hxg5 9. hxg5 Ne4 10. g6 f6 11. Nxe4 dxe4 12. Nd4 Qd7 13. Qg4 f5 14. Qg2 c5 15. Nb5 a6 16. Nc3 Nc6 17. Na4 Nb4 18. Nxb6 Qc6 19. Nxa8 Nc2+ 20. Kd1 Nxa1 21. Rh1 Rxh1 22. Qxh1 Bxa8 23. Qh8+ Bf8 24. b3 Qb7 25. Qg8 Nxb3 26. Qxe6+ Kd8 27. Qxf5 Nxc1 28. Qxf8+ Kd7 29. Bh3+ Kc6 30. Kxc1 Kb6 31. Be6 Qc6 32. Bd5 Qa4 33. Qd6+ Ka5 34. Qxc5+ 1-0


[Site "https://www.chess.com"]

[Event "Titled Tuesday Blitz November 15 Late 2022"]
[White "Paiva, Henrique M A Albergaria"]
[Black "D`Arruda, Ricardo D."]
[WhiteFideId "1920995"]
[BlackFideId "100692"]
[WhiteElo "1953"]
[BlackElo "2483"]
[Result "0-1"]
[Round "09"]
[TimeControl "180+1"]
[Date "2022.11.16"]
[WhiteClock "0:00:18"]
[BlackClock "0:01:01"]

1. d4 Nf6 2. c4 e5 3. dxe5 Ne4 4. Nd2 Nc5 5. Ngf3 Nc6 6. Nb3 Nxb3 7. axb3 Bb4+ 8. Bd2 Qe7 9. e3 Nxe5 10. Be2 O-O 11. O-O Bxd2 12. Qxd2 d6 13. Qc3 Bd7 14. Nxe5 dxe5 15. b4 a6 16. Ra5 f6 17. Rfa1 Rab8 18. c5 c6 19. Rd1 Be6 20. Bc4 Rbd8 21. Raa1 Qf7 22. b3 Rfe8 23. Bxe6 Qxe6 24. Qc4 Kf7 25. Kf1 Ke7 26. Qxe6+ Kxe6 27. Ke2 Rd7 28. Rxd7 Kxd7 29. Rd1+ Ke7 30. e4 Rd8 31. Rd3 Rd7 32. Kd2 Ke6 33. Kc3 Ke7 34. Rd2 Rc7 35. Rd6 Rc8 36. Kc4 h5 37. h4 Rh8 38. Rd3 Rh6 39. Rg3 Kf7 40. Rd3 Ke7 41. Rg3 g6 42. Rd3 Rh8 43. Rd6 Rg8 44. g3 g5 45. hxg5 Rxg5 46. Kd3 Rg4 47. Ke3 Rg8 48. Rd1 Rh8 49. Rh1 Kf7 50. Rd1 Ke7 51. f4 h4 52. Rh1 h3 53. Kf3 exf4 54. gxf4 Ke6 55. Kg4 Rg8+ 56. Kxh3 Rd8 57. Kg4 Rd4 58. Kf3 Rxb4 59. Rh7 Rxb3+ 60. Kg4 a5 61. f5+ Ke5 62. Re7+ Kd4 63. Kf4 a4 64. Rd7+ Kxc5 65. e5 Rb4+ 66. Ke3 fxe5 67. f6 Rf4 68. f7 b5 69. Re7 Kd6 70. Ra7 a3 0-1


[Site "https://www.chess.com"]

[Event "Titled Tuesday Blitz November 15 Late 2022"]
[White "Papayan, Oleg"]
[Black "Barria Zuniga, Daniel"]
[WhiteFideId "4193911"]
[BlackFideId "3400816"]
[WhiteElo "2153"]
[BlackElo "2414"]
[Result "0-1"]
[Round "09"]
[TimeControl "180+1"]
[Date "2022.11.16"]
[WhiteClock "0:00:02"]
[BlackClock "0:00:29"]

1. e4 c5 2. Nf3 Nc6 3. Bb5 a6 4. Bxc6 bxc6 5. O-O e6 6. d3 a5 7. a4 Ne7 8. h4 h5 9. e5 Nf5 10. g3 Rb8 11. Nbd2 f6 12. Qe2 d6 13. exd6 Bxd6 14. Nc4 O-O 15. Bd2 Bc7 16. b3 e5 17. Qe1 Qd5 18. Qe4 Nd4 19. Nxd4 cxd4 20. Qxd5+ cxd5 21. Nxa5 Bd7 22. b4 Rfc8 23. Rfc1 Bxa5 24. bxa5 Rb2 25. a6 Rcxc2 26. a7 Bc6 27. Rxc2 Rxc2 28. Rc1 Rxc1+ 29. Bxc1 Kf7 30. Ba3 Ke6 31. f3 Kf5 32. Bf8 g5 33. hxg5 fxg5 34. Kf2 e4 35. Bg7 e3+ 36. Ke2 h4 0-1


[Site "https://www.chess.com"]

[Event "Titled Tuesday Blitz November 15 Late 2022"]
[White "Premnath, R."]
[Black "Haszon, David"]
[WhiteFideId "5021928"]
[BlackFideId "733610"]
[WhiteElo "2555"]
[BlackElo "2211"]
[Result "0-1"]
[Round "09"]
[TimeControl "180+1"]
[Date "2022.11.16"]
[WhiteClock "0:00:18"]
[BlackClock "0:00:15"]

1. d4 Nf6 2. c4 c5 3. d5 b5 4. Nd2 g6 5. b3 Bg7 6. Bb2 O-O 7. e4 d6 8. Ngf3 Nbd7 9. cxb5 a6 10. bxa6 Qa5 11. Qc2 Nxe4 12. Bxg7 Nxd2 13. Nxd2 Kxg7 14. Bc4 Bxa6 15. O-O Ne5 16. f4 Bxc4 17. bxc4 Ng4 18. Rf3 Nf6 19. f5 Rfb8 20. fxg6 hxg6 21. Ne4 Nxe4 22. Qxe4 Qd2 23. Raf1 Qd4+ 24. Qxd4+ cxd4 25. Rxf7+ Kh6 26. Rxe7 Rxa2 27. Re4 Rbb2 28. Rg4 d3 29. Rd1 Re2 30. h3 g5 31. Kf1 Rf2+ 32. Kg1 Rfd2 33. Rxd2 Rxd2 34. Rd4 Kg6 35. Kh2 Kf5 36. Kg3 Ke5 37. Rg4 Rxg2+ 38. Kf3 Rxg4 39. hxg4 Kd4 40. Kf2 Kxc4 41. Ke3 Kc3 42. Ke4 d2 43. Kf5 d1=Q 44. Ke6 Qxg4+ 45. Kxd6 Qd4 46. Kc6 g4 47. d6 g3 48. d7 Qxd7+ 49. Kxd7 g2 50. Kc6 g1=Q 51. Kd5 Qd4+ 52. Ke6 Kd3 53. Kf7 Qe5 54. Kg8 Qc7 0-1


[Site "https://www.chess.com"]

[Event "Titled Tuesday Blitz November 15 Late 2022"]
[White "Prohorov, Olexandr"]
[Black "Sonnenschein, Philipp"]
[WhiteFideId "14105578"]
[BlackFideId "16250877"]
[WhiteElo "1993"]
[BlackElo "2225"]
[Result "0-1"]
[Round "09"]
[TimeControl "180+1"]
[Date "2022.11.16"]
[WhiteClock "0:00:57"]
[BlackClock "0:01:16"]

1. Nf3 d5 2. d4 Nf6 3. c4 e6 4. Nc3 Bb4 5. Qa4+ Nc6 6. Ne5 Rb8 7. Nxc6 bxc6 8. Qxc6+ Bd7 9. Qa6 Ne4 10. Bd2 Nxd2 11. Kxd2 Qf6 12. cxd5 Qxd4+ 13. Qd3 Qf4+ 14. Qe3 Qd6 15. a3 Bc5 16. Qd3 Rxb2+ 17. Kc1 Bxa3 18. Rxa3 Qxa3 19. Nb1 Qa1 20. dxe6 Bxe6 21. e4 O-O 22. Be2 Rfb8 0-1


[Site "https://www.chess.com"]